 Dungeon Crawl Stone Soup version 0.16.1-51-g6203257 (webtiles) character file.

706 ImaNewbie the Carver (level 8, -2/58 HPs)
             Began as a Formicid Fighter on July 14, 2015.
             Was an Initiate of Qazlal.
             Killed from afar by Pikel (19 damage)
             ... with a wand of fire
             ... on level 4 of the Dungeon.
             The game lasted 00:21:12 (4365 turns).

ImaNewbie the Carver (Formicid Fighter)             Turns: 4365, Time: 00:21:13

Health: -2/58      AC:  9    Str: 21    XL:     8   Next: 0%
Magic:  11/11      EV:  7    Int:  8    God:    Qazlal [......]
Gold:   275        SH:  9    Dex: 12    Spells: 0 memorised, 7 levels left

rFire  . . .     SeeInvis +     a - +1 long sword
rCold  . . .     Clarity  .     b - +0 scale mail
rNeg   . . .     SustAb   .     c - +0 shield
rPois  .         Gourm    .     (helmet unavailable)
rElec  .         Spirit   .     y - +0 cloak
rCorr  .         Warding  .     (no gloves)
rMut   .         Stasis   +     q - +0 pair of boots
MR     .....                    z - amulet of regeneration
Stlth  ..........               (no ring)
                                (no ring)

@: not resistant to hostile enchantments, extremely unstealthy
A: permanent stasis, dig shafts and tunnels, four strong arms, antennae 3
a: Dig, Shaft Self, Renounce Religion


You were on level 4 of the Dungeon.
You worshipped Qazlal.
Qazlal was noncommittal.
You were hungry.

You visited 2 branches of the dungeon, and saw 6 of its levels.

You collected 275 gold pieces.

Inventory:

Hand weapons
 a - a +1 long sword (weapon)
Missiles
 x - 10 poisoned needles
Armour
 b - a +0 scale mail (worn)
 c - a +0 shield (worn)
 q - a +0 pair of boots (worn)
 y - a +0 cloak (worn)
Jewellery
 z - an amulet of regeneration (around neck)
Scrolls
 f - 7 scrolls of identify
 j - a scroll of fear
 n - 2 scrolls of enchant weapon
 p - a scroll of recharging
 B - 2 scrolls of amnesia
Potions
 e - 4 potions of might
 g - a potion of heal wounds
 m - 2 potions of restore abilities
 o - 3 potions of agility
 s - a potion of invisibility
Books
 t - a book of Death

   Spells                             Type                      Level
   a - Corpse Rot                     Necromancy                   2
   b - Sublimation of Blood           Necromancy                   2
   c - Agony                          Necromancy                   5
   d - Dispel Undead                  Necromancy                   5
   e - Excruciating Wounds            Charms/Necromancy            5
   f - Bolt of Draining               Conjuration/Necromancy       5
Comestibles
 d - 2 bread rations
 h - 10 fruits
 l - 3 meat rations
 u - a slice of pizza
 v - a beef jerky


   Skills:
 - Level 3.2 Fighting
 + Level 8.4 Long Blades
 - Level 3.2 Armour
 - Level 3.6 Shields


You had 7 spell levels left.
You didn't know any spells.

Dungeon Overview and Level Annotations

Branches:
Dungeon (5/15)             Temple (1/1) D:4

Altars:
Cheibriados
Dithmenos
Elyvilon
Fedhas
Kikubaaqudgha
Makhleb
Nemelex Xobeh
Okawaru
Qazlal
Sif Muna
Trog
Vehumet
Xom
Yredelemnul
The Shining One

Annotations:
D:4 Pikel


Innate Abilities, Weirdness & Mutations

You are under a permanent stasis effect.
You can dig through walls and to a lower floor.
Your four strong arms can wield two-handed weapons with a shield.
You have a pair of large antennae on your head (SInv).


Message History

There is a stone staircase leading down here.
The slave hits you but does no damage.
Pikel zaps a wand.
The bolt of fire hits you!
It is a wand of fire.
The slave hits you but does no damage. You block the slave's attack.
The slave hits you.
Pikel says, "You'll fetch a fair price!"
You hit the slave but do no damage. You block the slave's attack.
You block the slave's attack.
Use which ability? (? or * to list)
Okay, then.
Use which ability? (? or * to list) Are you sure you want to shaft yourself?
You are feeling hungry.
The slave hits you!
* * * LOW HITPOINT WARNING * * *
The slave hits you but does no damage.
You begin to dig a shaft.
You continue digging a shaft.
The slave hits you but does no damage.
Pikel zaps a wand.
The bolt of fire hits you!
You die...

####'##'#####+#.........
#..................###+#
#..................#....
#..................#....
#..................#....
#......>...........'....
#......g...........#....
#.....pKp..........#....
#.....p@p..........#....
#..................#'###
##'####+##'#####+#......
#...............+......
#...............#......
#...............#......
#†.....#####'####......
#......##..............
#.......#..............


You could see Pikel, 4 slaves and a goblin.

Vanquished Creatures
  The ghost of krupnik16 the Thaumaturge, an average HEWz (D:4)
  An ogre (D:4)
  A phantom (D:4)
  2 hounds
  A centaur skeleton (D:5)
  An orc priest (D:4)
  A hound zombie (D:5)
  7 adders
  4 gnolls (D:3)
  A giant mite (D:2)
  A worm (D:2)
  3 giant geckos
  An ooze (D:3)
  11 orcs
  A bat zombie (D:5)
  6 giant cockroaches
  15 hobgoblins
  9 jackals
  8 kobolds
  2 ball pythons
  8 bats
  8 giant newts
  14 goblins
  7 rats
114 creatures vanquished.

Notes
Turn   | Place    | Note
--------------------------------------------------------------
     0 | D:1      | ImaNewbie, the Formicid Fighter, began the quest for the Orb.
     0 | D:1      | Reached XP level 1. HP: 18/18 MP: 1/1
     5 | D:1      | Noticed a troll skeleton
     6 | D:1      | Noticed a vine stalker skeleton
    13 | D:1      | Noticed a draconian skeleton
    14 | D:1      | Noticed a draconian skeleton
    14 | D:1      | Noticed a spriggan skeleton
    16 | D:1      | Noticed a spriggan skeleton
    16 | D:1      | Noticed a centaur skeleton
    16 | D:1      | Noticed a centaur skeleton
    18 | D:1      | Noticed an elf skeleton
   215 | D:1      | Reached XP level 2. HP: 20/24 MP: 3/3
   533 | D:1      | Reached XP level 3. HP: 27/29 MP: 4/4
  1144 | D:2      | Reached skill level 4 in Long Blades
  1144 | D:2      | Reached XP level 4. HP: 21/35 MP: 5/5
  1685 | D:2      | Reached XP level 5. HP: 41/41 MP: 7/7
  1755 | D:2      | Found a deep blue altar of Sif Muna.
  1832 | D:3      | Reached skill level 5 in Long Blades
  2065 | D:3      | Found a burning altar of Makhleb.
  2392 | D:3      | Reached XP level 6. HP: 38/47 MP: 8/8
  2881 | D:3      | Reached skill level 6 in Long Blades
  2998 | D:4      | Noticed krupnik16's ghost (average HEWz)
  3031 | D:4      | Killed krupnik16's ghost
  3031 | D:4      | Reached skill level 7 in Long Blades
  3031 | D:4      | Reached XP level 7. HP: 27/52 MP: 9/9
  3368 | D:4      | Found an ancient bone altar of Kikubaaqudgha.
  3463 | D:4      | Found a staircase to the Ecumenical Temple.
  3793 | Temple   | Entered the Ecumenical Temple
  3839 | Temple   | Became a worshipper of Qazlal Stormbringer
  3981 | D:4      | Reached skill level 8 in Long Blades
  4021 | D:5      | Entered Level 5 of the Dungeon
  4335 | D:5      | Reached XP level 8. HP: 49/58 MP: 11/11
  4350 | D:5      | Noticed Pikel
  4365 | D:4      | Killed from afar by Pikel

Action                   |  1- 3 |  4- 6 |  7- 9 || total
-------------------------+-------+-------+-------++-------
Melee: Long sword        |   103 |   253 |   133 ||   489
 Abil: Shaft Self        |       |       |     1 ||     1
  Use: Scroll            |       |       |    14 ||    14
  Eat: Chunk             |     1 |     6 |     5 ||    12
